 Dungeon Sprint DCSS version 0.24-a0-244-ga6a6ab7 (webtiles) character file.

Game seed: 5678645992279179366

1446 MikeHunt the Unseen (level 8, 0/69 HPs)
             Began as a Naga Assassin on Apr 12, 2019.
             Was a Believer of Okawaru.
             Slain by a two-headed ogre
             ... wielding a +0 giant club
              (8 damage)
             ... in the Dungeon (Sprint III: "The Ten Rune Challenge").
             The game lasted 00:05:37 (968 turns).

MikeHunt the Unseen (Naga Assassin)                  Turns: 968, Time: 00:05:38

Health: 0/69       AC:  4    Str: 17    XL:     8   Next: 75%
Magic:  11/11      EV: 13    Int: 11    God:    Okawaru [**....]
Gold:   41         SH:  0    Dex: 16    Spells: 7/7 levels left

rFire    . . .     SeeInvis +   a - +2 dagger
rCold    . . .     Gourm    .   (no shield)
rNeg     . . .     Faith    .   c - +0 robe
rPois    +         Spirit   .   (no helmet)
rElec    .         Reflect  .   d - +0 cloak
rCorr    .         Harm     .   (no gloves)
MR       ++...     NoTele   +   (no barding)
Stlth    +++++++...             (no amulet)
HPRegen  0.21/turn              (no ring)
MPRegen  0.12/turn              (no ring)

@: short of breath, very slow
A: large, see invisible, agile 1, deformed body, magic resistance 1, poison
resistance, slowness 2, slow metabolism 1, spit poison 1, strong 1, subdued
magic 1, AC +2
a: Spit Poison, Heroism, Renounce Religion


You were in the Dungeon.
You worshipped Okawaru.
Okawaru was pleased with you.
You were not hungry.

You visited 1 branch You collected 41 gold pieces.

Inventory:

Hand Weapons
 a - a +2 dagger (weapon)
 b - a +0 blowgun
 l - a +0 long sword of holy wrath
Missiles
 e - 8 poisoned needles
Armour
 c - a +0 robe (worn)
 d - a +0 cloak (worn)
Scrolls
 i - 2 scrolls of torment {unknown}
 o - 4 scrolls of remove curse {unknown}
 q - a scroll of identify {unknown}
Potions
 h - 2 potions of curing
 j - a potion of haste
 k - 2 potions of magic
 p - 3 potions of flight
 r - 4 potions of mutation
Comestibles
 g - 4 rations


   Skills:
 + Level 3.2 Fighting
 - Level 10.0 Short Blades
 + Level 4.3 Throwing
 + Level 5.6 Dodging
 + Level 19.0 Stealth
 - Level 5.2 Invocations


You had 7 spell levels left.
You didn't know any spells.
Your spell library contained the following spells:

 Spells                   Type           Power        Failure   Level  Hunger
 Confusing Touch          Hex            #.....       30%         1    ##.....
 Confuse                  Hex            #.......     67%         3    ####...
 Gell's Gravitas          Tloc           #.........   67%         3    ####...
 Petrify                  Tmut/Erth      #.......     97%         4    #####..
 Metabolic Englaciation   Hex/Ice        #.........   100%        5    ######.
 Yara's Violent Unravell  Hex/Tmut       #.........   100%        5    ######.


Dungeon Overview and Level Annotations

Branches:
Dungeon (1/1)

Altars:
Cheibriados
Dithmenos
Elyvilon
Fedhas
Gozag
Hepliaklqana
Kikubaaqudgha
Makhleb
Nemelex Xobeh
Okawaru
Qazlal
Ru
Sif Muna
Trog
Uskayaw
Vehumet
Wu Jian
Xom
Yredelemnul
Zin
The Shining One
Beogh
Jiyva
Lugonu


Innate Abilities, Weirdness & Mutations

You cannot wear boots.
Your serpentine skin is tough. (AC +2)
You have supernaturally acute eyesight. (SInv)
Armour fits poorly on your strangely shaped body.
Your system is resistant to poisons. (rPois)
You cover ground very slowly.
You have a slow metabolism.
You can spit poison.
You are agile. (Dex +2)
You are resistant to hostile enchantments. (MR+)
Your muscles are strong. (Str +2)
Your spells are a little easier to cast, but a little less powerful.


Message History

The two-headed ogre is moderately wounded.
You feel slightly more hungry.
The two-headed ogre hits you with a +0 giant club!!
* * * LOW HITPOINT WARNING * * *
The two-headed ogre barely misses you.
You barely miss the two-headed ogre.
The two-headed ogre is moderately wounded.
You have got your breath back.
You hit the two-headed ogre but do no damage.
The two-headed ogre is heavily wounded.
Press: ? - help, Shift-Dir - straight line, f/p - two-headed ogre
Aim: a two-headed ogre, wielding two +0 giant clubs (heavily wounded, slow, poisoned)
The splash of poison hits the two-headed ogre!
The two-headed ogre looks even sicker.
The two-headed ogre is heavily wounded.
You feel slightly more hungry.
The two-headed ogre is no longer moving slowly.
The two-headed ogre closely misses you.
The two-headed ogre hits you with a +0 giant club!
You die...

###'#'###'## #..........#
'.⌠........# #...######'#
#.⌠.#__#...#+##############
#...#__#...#....#.#)#(....#
#'###__#...##.#.)#.##.#
#)).#__#...)##.#.#.##.#
#___#__'...#...#@O#..##
▓▓▓▓▓▓▓▓▓▓▓▓▓▓▓▓▓▓▓▓▓▓


You could see a two-headed ogre.

Vanquished Creatures
  A deep elf mage (D)
  A shadow (D)
  A spatial vortex (D)
  A necrophage (D)
  3 two-headed ogres (D)
  A water elemental (D)
  A scorpion (D)
  A jelly (D)
  A wizard (D)
  A necromancer (D)
  3 humans (D)
  A kobold demonologist (D)
  An ooze (D)
  3 rats (D)
20 creatures vanquished.

Vanquished Creatures (others)
  2 draconian scorchers (D)
  6 hellions (D)
  A yaktaur (D)
  2 plants (D)
11 creatures vanquished.

Grand Total: 31 creatures vanquished

Notes
Turn   | Place    | Note
-------+----------+-------------------------------------------
     0 | D        | MikeHunt the Naga Assassin began the quest for the Orb.
     0 | D        | Reached XP level 1. HP: 19/19 MP: 1/1
     4 | D        | Reached skill level 6 in Stealth
     9 | D        | Reached skill level 7 in Stealth
    63 | D        | Killed a yaktaur
    97 | D        | Killed a hellion
    98 | D        | Killed a hellion
    98 | D        | Killed a hellion
    98 | D        | Killed a hellion
   123 | D        | Killed a hellion
   136 | D        | Reached XP level 2. HP: 21/26 MP: 2/2
   148 | D        | Killed a hellion
   169 | D        | Killed a white draconian scorcher
   170 | D        | Killed a white draconian scorcher
   171 | D        | Noticed a scorpion
   178 | D        | Killed a scorpion
   178 | D        | Reached skill level 5 in Short Blades
   178 | D        | Reached skill level 9 in Stealth
   178 | D        | Reached XP level 3. HP: 30/32 MP: 3/3
   189 | D        | Gained mutation: Your spells are a little easier to cast,
                  | but a little less powerful. [potion of mutation]
   189 | D        | Gained mutation: You are agile. (Dex +2) [potion of
                  | mutation]
   189 | D        | Gained mutation: You are resistant to hostile enchantments.
                  | (MR+) [potion of mutation]
   189 | D        | Gained mutation: Your muscles are strong. (Str +2) [potion
                  | of mutation]
   204 | D        | Reached skill level 10 in Stealth
   204 | D        | Reached XP level 4. HP: 22/39 MP: 4/4
   322 | D        | Noticed a water elemental
   324 | D        | Killed a water elemental
   324 | D        | Reached skill level 11 in Stealth
   324 | D        | Reached XP level 5. HP: 45/45 MP: 5/5
   329 | D        | Found a hide-covered altar of Uskayaw.
   329 | D        | Found a roughly hewn altar of Beogh.
   329 | D        | Found an iron altar of Okawaru.
   329 | D        | Found a bloodstained altar of Trog.
   329 | D        | Found an ornate altar of the Wu Jian Council.
   329 | D        | Noticed a human
   330 | D        | Noticed a human
   333 | D        | Became a worshipper of Warmaster Okawaru
   341 | D        | Killed a human
   341 | D        | Reached skill level 15 in Stealth
   341 | D        | Reached XP level 6. HP: 39/52 MP: 6/6
   349 | D        | Killed a human
   349 | D        | Reached skill level 18 in Stealth
   552 | D        | Found a basalt altar of Yredelemnul.
   552 | D        | Found a shadowy altar of Dithmenos.
   552 | D        | Found a sacrificial altar of Ru.
   552 | D        | Noticed a necrophage
   555 | D        | Killed a necrophage
   555 | D        | Reached * piety under Okawaru
   555 | D        | Reached XP level 7. HP: 56/60 MP: 7/7
   565 | D        | Found a glowing silver altar of Zin.
   565 | D        | Found a glowing golden altar of the Shining One.
   565 | D        | Found a white marble altar of Elyvilon.
   565 | D        | Noticed a deep elf mage
   568 | D        | Killed a deep elf mage
   568 | D        | Reached skill level 5 in Invocations
   568 | D        | Reached XP level 8. HP: 66/67 MP: 7/11
   581 | D        | Found a radiant altar of Vehumet.
   582 | D        | Found a deep blue altar of Sif Muna.
   582 | D        | Found an ancient bone altar of Kikubaaqudgha.
   614 | D        | Noticed a shadow
   616 | D        | Killed a shadow
   625 | D        | Found a blossoming altar of Fedhas.
   625 | D        | Found a stormy altar of Qazlal.
   625 | D        | Found a snail-covered altar of Cheibriados.
   625 | D        | Found a burning altar of Makhleb.
   625 | D        | Found a shimmering altar of Xom.
   626 | D        | Found a hazy altar of Hepliaklqana.
   626 | D        | Found an opulent altar of Gozag.
   626 | D        | Found a sparkling altar of Nemelex Xobeh.
   626 | D        | Found a corrupted altar of Lugonu.
   626 | D        | Found a viscous altar of Jiyva.
   630 | D        | Reached skill level 10 in Short Blades
   630 | D        | Reached skill level 5 in Dodging
   657 | D        | Reached ** piety under Okawaru
   671 | D        | HP: 1/68 [two-headed ogre/+0 giant club (14)]
   946 | D        | Reached skill level 19 in Stealth
   951 | D        | Noticed a two-headed ogre
   968 | D        | Slain by a two-headed ogre

Levels and vault maps discovered:
D:        dungeon_sprint_mu [sprint_mu_entry_forest, sprint_mu_temple_rooms,
          sprint_mu_d1_spiders, sprint_mu_d2_genie, sprint_mu_d3_branching,
          sprint_mu_orc_legion, sprint_mu_elf_gauntlet, sprint_mu_hive_nellie,
          sprint_mu_lair_fedhas, sprint_mu_vaults_butterflies,
          sprint_mu_slime_circle, sprint_mu_swamp_cave, sprint_mu_shoals_kraken,
          sprint_mu_blade_basic, sprint_mu_crypt_fortress,
          sprint_mu_tomb_spiral, sprint_mu_vestibule_basic,
          sprint_mu_gehenna_hellfire, sprint_mu_dis_giant,
          sprint_mu_tartarus_statrot, sprint_mu_cocytus_islands, sprint_mu_zot1]

Skill      XL: |  1  2  3  4  5  6  7  8 |
---------------+-------------------------+-----
Stealth        | 7 9 10 11 15 18 19 | 19.0
Short Blades   | 3 5 7 9 10 | 10.0
Dodging        | 4 5 |  5.6
Invocations    | 5 |  5.2
Throwing       | 4 |  4.3
Fighting       | 3 |  3.2

Action                   |  1- 3 |  4- 6 |  7- 9 || total
-------------------------+-------+-------+-------++-------
Melee: Dagger            |    23 |    18 |    24 ||    65
 Fire: Blowgun           |       |       |     7 ||     7
Invok: Heroism           |       |       |     1 ||     1
 Abil: Spit Poison       |     3 |       |     5 ||     8
  Use: Potion            |     2 |     1 |       ||     3
       Scroll            |       |       |     1 ||     1
 Stab: Sleeping          |     1 |     3 |     7 ||    11
Armor: Robe              |     3 |       |     3 ||     6
Dodge: Dodged            |     4 |     5 |    18 ||    27

Table legend:
 A = Non-vault XP
 B = Vault XP
 C = Vault XP percentage of total XP
 D = Non-vault monster count
 E = Vault monster count
 F = Vault count percentage of total count
                 A         B        C        D         E       F
            +---------+---------+-------+---------+---------+-------
      Total |       0 |    2067 | 100.0 |       0 |      20 | 100.0
            +---------+---------+-------+---------+---------+-------
          D |       0 |    2067 | 100.0 |       0 |      20 | 100.0
            +---------+---------+-------+---------+---------+-------
